 Dungeon Sprint DCSS version 0.23.2-30-g0e89c35649 (webtiles) character file.

Game seed: 4589304543466130531

287 mahrnol the Basher (level 6, -3/61 HPs)
             Began as a Minotaur Fighter on June 17, 2019.
             Was a Believer of Makhleb.
             Slain by a seven-headed hydra (10 damage)
             ... in the Dungeon (Sprint IX: "|||||||||||||||||||||||||||||").
             The game lasted 00:03:20 (322 turns).

mahrnol the Basher (Minotaur Fighter)                Turns: 322, Time: 00:03:21

Health: -3/61      AC: 15    Str: 28    XL:     6   Next: 8%
Magic:  5/5        EV:  7    Int:  5    God:    Makhleb [**....]
Gold:   0          SH: 12    Dex: 12    Spells: 5/5 levels left

rFire    . . .     SeeInvis .   m - +1 flail (drain)
rCold    . . .     Gourm    .   c - +0 shield
rNeg     . . .     Faith    .   t - +1 chain mail
rPois    .         Spirit   .   (helmet restricted)
rElec    .         Reflect  .   (no cloak)
rCorr    .         Harm     .   s - +0 pair of gloves
MR       .....     NoTele   +   (no boots)
Stlth    ..........             (no amulet)
HPRegen  0.20/turn              u - +2 ring of protection
MPRegen  0.09/turn              v - +3 ring of dexterity

@: mighty
A: retaliatory headbutt, horns 2
a: Minor Destruction, Renounce Religion


You were in the Dungeon.
You worshipped Makhleb.
Makhleb was pleased with you.
You were not hungry.

You visited 1 branch

Inventory:

Hand Weapons
 m - a +1 flail of draining (weapon)
 q - a +2 rapier of venom
 r - a +2 scimitar of holy wrath
Armour
 c - a +0 shield (worn)
 s - a +0 pair of gloves (worn)
 t - a +1 chain mail (worn)
Jewellery
 u - a +2 ring of protection (left hand)
 v - a +3 ring of dexterity (right hand)
Wands
 p - a wand of acid (10)
Scrolls
 k - 2 scrolls of blinking
 n - 3 scrolls of remove curse
 o - 2 scrolls of amnesia
Potions
 a - a potion of invisibility
 e - 4 potions of curing
 g - 3 potions of heal wounds
 h - a potion of haste
 i - 4 potions of magic
 j - a potion of berserk rage
Comestibles
 b - 7 chunks of flesh
 f - a ration


   Skills:
 + Level 7.9 Fighting
 + Level 8.7 Maces & Flails
 + Level 8.4 Armour
 + Level 8.3 Shields


You had 5 spell levels left.
You didn't know any spells.
Your spell library was empty.

Dungeon Overview and Level Annotations

Branches:
Dungeon (1/1)

Altars:
Cheibriados
Dithmenos
Elyvilon
Fedhas
Gozag
Hepliaklqana
Kikubaaqudgha
Makhleb
Nemelex Xobeh
Okawaru
Qazlal
Ru
Sif Muna
Trog
Uskayaw
Vehumet
Wu Jian
Xom
Yredelemnul
Zin
The Shining One
Beogh
Jiyva
Lugonu


Innate Abilities, Weirdness & Mutations

You reflexively headbutt those who attack you in melee.
You have a pair of horns on your head.


Message History

The seven-headed hydra bites you but does no damage.
You feel very mighty all of a sudden. The seven-headed hydra bites you.
The seven-headed hydra bites you but does no damage.
You block the seven-headed hydra's attack.
The seven-headed hydra bites you but does no damage.
The seven-headed hydra bites you.
You block the seven-headed hydra's attack.
The seven-headed hydra bites you.
A sky beast appears from thin air!
Reactivating autopickup.
You feel better.
The seven-headed hydra barely misses you.
You furiously retaliate!
You headbutt the seven-headed hydra.
The seven-headed hydra barely misses you.
The seven-headed hydra bites you! The seven-headed hydra bites you. x2
* * * LOW HITPOINT WARNING * * *
The seven-headed hydra bites you!
* * * LOW HITPOINT WARNING * * *
The seven-headed hydra bites you!
You die...

▓§▓
▓Y▓
▓O▓
▓Z▓
▓D▓
▓y▓
▓D▓
▓@▓
▓.▓
▓.▓
▓.▓
▓.▓
▓.▓
▓)▓
▓[▓
▓.▓


You could see an eight-headed hydra, a seven-headed hydra, a vampire mosquito, a
sky beast, an ogre and an adder skeleton.

Vanquished Creatures
  A yak (D)
  A wight (D)
  A crimson imp (D)
  A hound (D)
  A worker ant (D)
  An adder (D)
  A gnoll (D)
  A worm (D)
  A leopard gecko (D)
  An orc (D)
  A giant cockroach (D)
  2 kobolds (D)
  A quokka (D)
  A bat (D)
  A frilled lizard (D)
16 creatures vanquished.

Notes
Turn   | Place    | Note
-------+----------+-------------------------------------------
     0 | D        | mahrnol the Minotaur Fighter began the quest for the Orb.
     0 | D        | Reached XP level 1. HP: 19/19 MP: 0/0
    40 | D        | Noticed a hound
    40 | D        | Noticed a worker ant
    44 | D        | Reached XP level 2. HP: 19/28 MP: 1/1
    54 | D        | Reached skill level 5 in Fighting
    54 | D        | Reached skill level 5 in Armour
    54 | D        | Reached skill level 5 in Shields
    54 | D        | Reached XP level 3. HP: 19/36 MP: 2/2
    55 | D        | Reached skill level 5 in Maces & Flails
    55 | D        | Reached XP level 4. HP: 23/44 MP: 3/3
   203 | D        | Found a roughly hewn altar of Beogh.
   203 | D        | Found a snail-covered altar of Cheibriados.
   203 | D        | Found a shadowy altar of Dithmenos.
   203 | D        | Found a white marble altar of Elyvilon.
   203 | D        | Found a blossoming altar of Fedhas.
   203 | D        | Found an opulent altar of Gozag.
   204 | D        | Found a hazy altar of Hepliaklqana.
   205 | D        | Found a viscous altar of Jiyva.
   206 | D        | Found an ancient bone altar of Kikubaaqudgha.
   207 | D        | Found a corrupted altar of Lugonu.
   208 | D        | Found a burning altar of Makhleb.
   209 | D        | Found a sparkling altar of Nemelex Xobeh.
   210 | D        | Found an iron altar of Okawaru.
   211 | D        | Found a stormy altar of Qazlal.
   212 | D        | Found a sacrificial altar of Ru.
   213 | D        | Found a deep blue altar of Sif Muna.
   214 | D        | Found a bloodstained altar of Trog.
   215 | D        | Found a hide-covered altar of Uskayaw.
   216 | D        | Became a worshipper of Makhleb the Destroyer
   217 | D        | Found a radiant altar of Vehumet.
   218 | D        | Found an ornate altar of the Wu Jian Council.
   219 | D        | Found a shimmering altar of Xom.
   220 | D        | Found a basalt altar of Yredelemnul.
   221 | D        | Found a glowing silver altar of Zin.
   222 | D        | Found a glowing golden altar of the Shining One.
   267 | D        | Noticed a yak
   277 | D        | Killed a yak
   277 | D        | Reached XP level 5. HP: 37/52 MP: 4/4
   279 | D        | Reached * piety under Makhleb
   286 | D        | Reached ** piety under Makhleb
   286 | D        | Reached XP level 6. HP: 55/61 MP: 5/5
   316 | D        | Noticed an eight-headed hydra
   316 | D        | Noticed a sky beast
   316 | D        | Noticed a vampire mosquito
   316 | D        | Noticed a seven-headed hydra
   322 | D        | Slain by a seven-headed hydra

Skill      XL: |  1  2  3  4  5 |
---------------+----------------+-----
Fighting       | 4 5 6 7 |  7.9
Armour         | 4 5 6 7 8 |  8.4
Shields        | 4 5 6 7 8 |  8.3
Maces & Flails | 4 5 7 8 |  8.7

Action                   |  1- 3 |  4- 6 || total
-------------------------+-------+-------++-------
Melee: Flail             |    43 |    22 ||    65
       Headbutt          |     4 |     5 ||     9
  Use: Potion            |       |     2 ||     2
Armor: Scale mail        |    24 |       ||    24
       Chain mail        |       |    15 ||    15
Dodge: Dodged            |     9 |     9 ||    18
Block: Shield            |    20 |    14 ||    34
